 Dungeon Crawl Stone Soup version 0.25.1-2-g60ff931df9 (webtiles) character file.

Game seed: 12787609203511375832

450 flotson the Skirmisher (level 6, -4/48 HPs)
             Began as a Demonspawn Wanderer on Oct 11, 2020.
             Engulfed by Ijyb's freezing vapour (24 damage)
             ... on level 4 of the Dungeon.
             The game lasted 00:05:51 (4151 turns).

flotson the Skirmisher (Demonspawn Wanderer)        Turns: 4151, Time: 00:05:52

Health: -4/48      AC:  5    Str: 13    XL:     6   Next: 74%
Magic:  6/6        EV:  7    Int: 14    God:
Gold:   168        SH: 11    Dex: 13    Spells: 4/5 levels left

rFire    . . .     SeeInvis .   a - +2 short sword (venom)
rCold    . . .     Gourm    .   p - +0 tower shield
rNeg     . . .     Faith    .   c - +0 ring mail
rPois    .         Spirit   .   (no helmet)
rElec    .         Reflect  .   (no cloak)
rCorr    .         Harm     .   (no gloves)
MR       .....                  (no boots)
Stlth    +.........             (no amulet)
HPRegen  0.16/turn              (no ring)
MPRegen  0.10/turn              (no ring)

@: lethally poisoned (-4 -> -8)
A: claws 1, powered by pain 1
a: no special abilities


You were on level 4 of the Dungeon.
You were hungry.

You visited 1 branch of the dungeon, and saw 4 of its levels.

You collected 168 gold pieces.

Inventory:

Hand Weapons
 a - a +2 short sword of venom (weapon)
 r - a +2 whip of venom
Armour
 c - a +0 ring mail (worn)
 p - a +0 tower shield (worn)
Scrolls
 b - a scroll of noise {unknown}
 e - a scroll of teleportation {unknown}
 h - 4 scrolls of remove curse {unknown}
 i - 2 scrolls of enchant armour {unknown}
 k - a scroll of random uselessness {unknown}
 m - 2 scrolls of amnesia {unknown}
 n - 2 scrolls of magic mapping {unknown}
Potions
 d - a potion of flight {unknown}
 g - 3 potions of magic {unknown}
 j - a potion of berserk rage {unknown}
 l - a potion of heal wounds {unknown}
 o - a potion of resistance {unknown}
 q - a potion of degeneration {unknown}
Comestibles
 f - 6 rations


   Skills:
 + Level 4.2 Fighting
   Level 1.7 Bows
 + Level 3.5 Armour
 + Level 3.3 Dodging
 + Level 2.1 Shields
 - Level 3.2 Necromancy
   Level 1.0 Evocations


You had 4 spell levels left.
You knew the following spells:

 Your Spells              Type           Power        Failure   Level  Hunger
a - Animate Skeleton      Necr           N/A          97%         1    ##.....

Your spell library contained the following spells:

 Spells                   Type           Power        Failure   Level  Hunger
 Vampiric Draining        Necr           #.........   100%        3    ####...


Dungeon Overview and Level Annotations

Branches:
Dungeon (4/15)
 Temple: D:4-7

Altars:
Cheibriados
Elyvilon
Vehumet

Annotations:
D:4 Ijyb


Innate Abilities, Weirdness & Mutations

You have sharp fingernails.
You sometimes gain a little power by taking damage.


Message History

You feel sick. You block the scorpion's attack.
You hit the scorpion.
The scorpion looks as sick as possible!
The scorpion is heavily wounded.
You kill the scorpion!
Your Shields skill increases to level 2!
You closely miss Ijyb.
You feel sick.
Ijyb zaps a wand.
Ijyb creates a blast of freezing vapour!
You miss Ijyb.
You are engulfed in freezing vapours.
You feel sick. Ijyb hits you but does no damage.
You are too injured to fight recklessly!
You are too injured to fight recklessly!
You are too injured to fight recklessly!
You are too injured to fight recklessly!
You are too injured to fight recklessly!
You are too injured to fight recklessly!
You are too injured to fight recklessly!
Your shield prevents you from hitting Ijyb.
You are engulfed in freezing vapours.
Ouch! That really hurt!
You die...

.########
......ยง@##########
..=..###g.........
.###..###...#...#.
#.............
######..#...#...#.
..................
........###########
##.
..........###.....#
....
######......#.....#


You could see Ijyb.

Vanquished Creatures
  A phantom (D:4)
  A bullfrog (D:3)
  A scorpion (D:4)
  A hound (D:3)
  An orc priest (D:3)
  Natasha (thrice) (D:3)
  4 adders
  2 oozes
  3 worms
  A dart slug (D:3)
  2 leopard geckos
  4 orcs (D:3)
  A giant cockroach (D:2)
  3 goblins (D:2)
  4 hobgoblins
  6 jackals
  2 ball pythons
  7 bats
  4 frilled lizards
  7 kobolds
  7 rats
65 creatures vanquished.

Notes
Turn   | Place    | Note
-------+----------+-------------------------------------------
     0 | D:1      | flotson the Demonspawn Wanderer began the quest for the
                  | Orb.
     0 | D:1      | flotson set off with the following items: a +2 shortbow, 26
                  | arrows, a +0 ring mail, a ration; and the following spell
                  | memorised: Animate Skeleton; and the following spells
                  | available to memorise: Vampiric Draining
     0 | D:1      | Reached XP level 1. HP: 16/16 MP: 1/1
    14 | D:1      | You fall into a shaft and drop 1 floor!
   132 | D:2      | Gained mutation: You sometimes gain a little power by
                  | taking damage. [demonic ancestry]
   132 | D:2      | Reached XP level 2. HP: 18/22 MP: 2/2
   356 | D:2      | Found a snail-covered altar of Cheibriados.
   475 | D:2      | Reached skill level 1 in Dodging
   601 | D:2      | Gained mutation: You have sharp fingernails. [demonic
                  | ancestry]
   601 | D:2      | Reached XP level 3. HP: 22/28 MP: 3/3
  1894 | D:3      | Reached XP level 4. HP: 31/34 MP: 4/4
  2016 | D:3      | Noticed a bullfrog
  2028 | D:3      | Killed a bullfrog
  2028 | D:3      | Reached skill level 3 in Fighting
  2032 | D:3      | Reached XP level 5. HP: 31/41 MP: 5/5
  2630 | D:3      | Noticed Natasha
  2652 | D:3      | Killed Natasha
  2824 | D:3      | Found a white marble altar of Elyvilon.
  2826 | D:3      | Found a radiant altar of Vehumet.
  2826 | D:3      | Noticed Natasha
  2831 | D:3      | Killed Natasha
  3279 | D:3      | Noticed Natasha
  3285 | D:3      | Killed Natasha
  3285 | D:3      | Reached XP level 6. HP: 43/48 MP: 6/6
  3766 | D:4      | Reached skill level 4 in Fighting
  4138 | D:4      | Noticed Ijyb
  4151 | D:4      | Engulfed by Ijyb's freezing vapour

Illustrated notes

Levels and vault maps discovered:
D:1:      lightli_arrival_quake, layout_basic
D:2:      layout_rooms, old_standard_altar, minmay_hedge_maze
D:3:      layout_basic, gammafunk_temple_overflow_pools, roderic_lattice_a,
          uniq_natasha
D:4:      layout_rooms, lemuel_coloured_pillars_altar,
          minmay_temple_entry_butterflies, uniq_ijyb, uniq_pikel

Skill      XL: |  1  2  3  4  5  6 |
---------------+-------------------+-----
Dodging        | 1 2 3 |  3.3
Armour         | 2 3 |  3.5
Fighting       | 3 4 |  4.2
Shields        | 2 |  2.1
Bows           | |  1.7
Necromancy     | |  3.2
Evocations     | |  1.0

Action                   |  1- 3 |  4- 6 || total
-------------------------+-------+-------++-------
Melee: Short sword       |    43 |   137 ||   180
 Fire: Shortbow          |   102 |       ||   102
  Eat: Chunk             |     2 |     4 ||     6
       Ration            |       |     1 ||     1
Armor: Ring mail         |    75 |    63 ||   138
Dodge: Dodged            |    89 |    52 ||   141
Block: Tower shield      |       |    36 ||    36
